 Dungeon Crawl Stone Soup version 0.19.4-9-g45fd643 (webtiles) character file.

244826 Naow the Devastator (level 18, -16/110 HPs)
             Began as a Deep Elf Fire Elementalist on Feb 15, 2017.
             Was the Champion of Vehumet.
             Demolished by an azure jelly (64 damage)
             ... on level 4 of the Pits of Slime.
             The game lasted 02:07:04 (45425 turns).

Naow the Devastator (Deep Elf Fire Elementalist)   Turns: 45425, Time: 02:07:04

Health: -16/110    AC: 18    Str: 12    XL:     18   Next: 74%
Magic:  34/49      EV: 17    Int: 30    God:    Vehumet [******]
Gold:   1018       SH:  5    Dex: 15    Spells: 8 memorised, 16 levels left

rFire  + . .     SeeInvis .     f - +1 war axe of the King {drain, +Rage MR+ MP+9 Str+7}
rCold  x . .     Gourm    .     U - +0 swamp dragon scales
rNeg   . . .     Faith    .     n - +0 buckler
rPois  +         Spirit   .     W - +0 hat {Int+3}
rElec  .         Reflect  .     M - +2 cloak {MR+}
rCorr  .         Harm     .     K - +0 pair of gloves
MR     +++..     Rnd*Rage +     T - +2 pair of boots {run}
Stlth  ++++......               g - amulet of magic regeneration
                                A - +4 ring of protection
                                O - ring of fire

@: corroded, quick
A: berserk 1, dopey 1, mutation resistance 1, wild magic 1
a: Renounce Religion, Evoke Berserk Rage
}: 2/15 runes: decaying, serpentine


You were on level 4 of the Pits of Slime.
You worshipped Vehumet.
Vehumet was exalted by your worship.
You were not hungry.

You visited 6 branches of the dungeon, and saw 33 of its levels.

You collected 2090 gold pieces.
You spent 1072 gold pieces at shops.

Inventory:

Hand Weapons
 f - the +1 war axe of the King (weapon) {drain, +Rage MR+ MP+9 Str+7}
   (You found it on level 2 of the Lair of Beasts)

   A truly terrible weapon, it drains the life of those it strikes.
   It affects your strength (+7).
   It affects your resistance to hostile enchantments.
   It affects your magic capacity (+9).
   It lets you go berserk.
Armour
 b - the +1 scale mail of Fiereocech {+Fly Str+6 Dex-5}
   (You found it on level 3 of the Lair of Beasts)

   It affects your strength (+6).
   It affects your dexterity (-5).
   It lets you fly.
 n - a +0 buckler (worn)
 K - a +0 pair of gloves (worn)
 M - a +2 cloak of magic resistance (worn)
 T - a +2 pair of boots of running (worn)
 U - +0 swamp dragon scales (worn)
 W - a +0 hat of intelligence (worn)
Magical Staves
 a - an uncursed staff of poison
Jewellery
 d - the brooch of Shielding {Reflect SH+8}
   (You bought it in a shop on level 2 of the Snake Pit)

   [amulet of reflection]

   It shields you and reflects attacks.
   It affects your SH (+8).
 g - an amulet of magic regeneration (around neck)
 t - an uncursed ring of protection from cold
 v - an uncursed ring of protection from magic
 A - a +4 ring of protection (right hand)
 O - a ring of fire (left hand)
Wands
 F - a wand of slowing (6/48)
 Q - a wand of digging (24/24)
 X - a wand of iceblast (4/15)
 Z - a wand of disintegration (14/24)
Scrolls
 e - 6 scrolls of identify
 h - 12 scrolls of remove curse
 i - 3 scrolls of teleportation
 o - 3 scrolls of blinking
 q - 3 scrolls of enchant weapon
 w - 2 scrolls of summoning
 x - a scroll of fog
 z - 5 scrolls of amnesia
 H - a scroll of recharging
 P - 3 scrolls of magic mapping
 S - a scroll of fear
Potions
 l - 3 potions of berserk rage
 p - 13 potions of curing
 r - 5 potions of agility
 u - 8 potions of brilliance
 C - 2 potions of invisibility
 D - 2 potions of lignification
 E - a potion of flight
 G - 4 potions of heal wounds
 I - 4 potions of haste
 L - 3 potions of might
 N - 3 potions of cancellation
 R - 3 potions of mutation
Books
 s - a book of Necromancy

   Spells                             Type                      Level
   a - Pain                           Necromancy                   1
   b - Animate Skeleton               Necromancy                   1
   c - Vampiric Draining              Necromancy                   3
   d - Regeneration                   Charms/Necromancy            3
   e - Animate Dead                   Necromancy                   4
   f - Control Undead                 Necromancy                   4
 B - a book of Power

   Spells                             Type                      Level
   a - Fulminant Prism                Conjuration/Hexes            4
   b - Iskenderun's Mystic Blast      Conjuration                  4
   c - Venom Bolt                     Conjuration/Poison           5
   d - Bolt of Magma                  Conjuration/Fire/Earth       5
   e - Iron Shot                      Conjuration/Earth            6
   f - Orb of Destruction             Conjuration                  7
   g - Spellforged Servitor           Conjuration/Summoning        7
 Y - a book of Dreams

   Spells                             Type                      Level
   a - Ensorcelled Hibernation        Hexes/Ice                    2
   b - Silence                        Hexes/Air                    5
   c - Darkness                       Hexes                        6
   d - Shadow Creatures               Summoning                    6
Comestibles
 c - 9 bread rations
 j - 8 meat rations
 k - 2 slices of pizza
 m - 10 fruits
 J - 2 beef jerkies


   Skills:
 + Level 11.3 Fighting
 + Level 10.1 Armour
 - Level 11.5 Dodging
 + Level 11.2 Stealth
 - Level 4.3 Shields
 + Level 16.2 Spellcasting
 - Level 19.0 Conjurations
 - Level 13.5 Fire Magic
 - Level 10.0 Earth Magic


You had 16 spell levels left.
You knew the following spells:

 Your Spells              Type           Power        Failure   Level  Hunger
a - Flame Tongue          Conj/Fire      #####        1%          1    None
b - Throw Flame           Conj/Fire      ######       1%          2    None
c - Conjure Flame         Conj/Fire      ########     1%          3    None
d - Sticky Flame          Conj/Fire      ########     1%          4    None
e - Fireball              Conj/Fire      ########..   1%          5    None
f - Iskenderun's Battles  Conj/Chrm      #######.     1%          5    None
g - Iron Shot             Conj/Erth      #######...   1%          6    ###....
h - Orb of Destruction    Conj           ########..   1%          7    #####..


Dungeon Overview and Level Annotations

Branches:
Dungeon (13/15)            Temple (0/1) D:5            Lair (6/6) D:11
  Swamp (4/4) Lair:3        Snake (4/4) Lair:3        Slime (4/5) Lair:6
    Orc (2/2) D:9          Vaults (0/5) D:13
    Elf: Orc:2

Altars:
Ashenzari
Elyvilon
Fedhas
Gozag
Hepliaklqana
Makhleb
Okawaru
Sif Muna
Trog
Uskayaw
Vehumet
Xom

Shops:
D:5 !   D:10 [   Snake:2 :=}}=

Annotations:
D:11 2 runed doors
D:13 gunter's ghost, journeyman MiFi


Innate Abilities, Weirdness & Mutations

You tend to lose your temper in combat.
You are dopey. (Int -2)
You are somewhat resistant to further mutation.
Your spells are a little harder to cast, but a little more powerful.


Message History

The fireball engulfs the golden eye.
You kill the golden eye!
Vehumet accepts your kill.
You feel your power returning.
The fireball engulfs the slime creature.
You kill the slime creature!
Vehumet accepts your kill.
You feel your power returning.
The fireball engulfs the acid blob.
The acid blob is severely wounded.
The wall burns your battlesphere! The acid blob spits acid at you.
The splash of acid hits you! The acid corrodes you!
You are splashed with acid!
The acid burns!
The walls burn your battlesphere! The golden eye blinks at you.
You resist with almost no effort. The azure jelly hits you.
The azure jelly freezes you!!!
You feel a terrible chill! The azure jelly hits you.
The azure jelly freezes you!!!
You feel a terrible chill!
Ouch! That really hurt!
You die...

...##
###....
##.#...##
## .......#
#.........#
#.#G.G...#.
##.*J......
#..@......§
##..G...J.§
##....##G.
##.### ##


You could see an acid blob, an azure jelly, 2 eyes of draining, 2 golden eyes
and a friendly battlesphere (wandering).

Vanquished Creatures
  Nikola (Snake:2)
  10 acid blobs
  7 thorn hunters
  Kirke (Snake:3)
  5 nagarajas (Snake:4)
  5 azure jellies
  The ghost of humperndinck the Cleaver, a journeyman NaMo of Hepliaklqana (Swamp:1)
  Aizul (Snake:2)
  A very ugly thing (Swamp:2)
  An ettin (Orc:1)
  A fire dragon (Lair:6)
  15 naga warriors
  A great orb of eyes (Slime:3)
  25 hydras
  7 anacondas
  A catoblepas (Lair:6)
  2 centaur warriors (D:13)
  14 death yaks
  7 alligators
  The ghost of Kiel97 the Spear-Bearer, a novice MfCK of Xom (D:7)
  5 shock serpents
  18 naga sharpshooters
  Urug (D:11)
  3 spriggans (Swamp:3)
  An unseen horror (D:11)
  6 salamander mystics
  3 spriggan druids (Swamp:4)
  13 swamp dragons
  7 naga ritualists
  An orc knight (Orc:1)
  4 shambling mangroves
  5 hill giants
  Pikel (D:4)
  17 mana vipers
  2 shining eyes
  2 ugly things
  2 manticores
  29 black mambas
  17 salamanders
  12 elephants
  9 guardian serpents
  26 naga magi
  A torpor snail (Lair:6)
  Joseph (Lair:1)
  3 eyes of devastation
  The ghost of sheala the Chopper, a novice HOFE of Beogh (D:5)
  4 rime drakes
  19 spiny frogs
  6 komodo dragons
  A tengu conjurer (D:13)
  4 trolls
  A two-headed ogre (D:12)
  Grinder (D:4)
  7 tyrant leeches
  11 hippogriffs
  4 blink frogs
  6 bog bodies
  16 hornets
  7 dream sheep
  76 slime creatures
  A shadow (Swamp:3)
  A vampire (D:12)
  3 wyverns
  5 hogs (Snake:3)
  51 yaks
  6 golden eyes
  15 humans (D:13)
  4 steam dragons
  A mottled dragon (Lair:6)
  16 vampire mosquitoes
  5 basilisks
  8 insubstantial wisps
  Menkaure (D:4)
  22 swamp worms
  3 wargs (Orc:1)
  59 nagas
  12 water moccasins
  A hornet zombie (D:9)
  14 orc warriors
  3 porcupines
  17 swamp drakes
  4 phantoms
  4 ice beasts
  2 sky beasts
  11 wolves
  13 centaurs
  8 ogres
  7 eyes of draining
  17 crocodiles
  2 big kobolds (D:7)
  14 bullfrogs
  A wyvern zombie (D:9)
  A wyvern skeleton (D:11)
  A water moccasin skeleton (D:7)
  3 scorpions
  6 killer bees
  6 howler monkeys
  An electric eel (Lair:3)
  7 crimson imps
  3 quasits
  9 orc priests
  Crazy Yiuf (D:5)
  3 gnoll shamans (D:7)
  5 hounds
  23 orc wizards
  3 bullfrog skeletons
  3 centaur skeletons
  8 iguanas
  6 worker ants
  A killer bee zombie (D:9)
  3 hound zombies
  A hound skeleton (D:10)
  A howler monkey zombie (D:10)
  19 gnolls
  A howler monkey skeleton (D:9)
  18 adders
  A river rat (Lair:6)
  5 shadow imps
  An ooze (D:2)
  4 adder zombies
  3 worms
  10 leopard geckos
  88 orcs
  8 giant cockroaches
  6 goblins
  9 hobgoblins
  3 jackals (D:7)
  12 kobolds
  11 quokkas
  A ball python (D:2)
  4 bats
  5 frilled lizards
  A jackal zombie (D:5)
  7 rats
  A bush (Lair:1)
  4 fungi
  10 plants
1118 creatures vanquished.

Vanquished Creatures (others)
  A bullfrog (D:7)
  A scorpion (D:7)
  An orc priest (D:7)
  2 worker ants (D:7)
  An adder (D:7)
  4 orcs
  9 fungi
  13 plants
  5 toadstools (Swamp:1)
37 creatures vanquished.

Grand Total: 1155 creatures vanquished

Notes
Turn   | Place    | Note
-------+----------+-------------------------------------------
     0 | D:1      | Naow the Deep Elf Fire Elementalist began the quest for the Orb.
     0 | D:1      | Reached XP level 1. HP: 10/10 MP: 6/6
   199 | D:1      | Reached XP level 2. HP: 15/15 MP: 5/8
  1268 | D:2      | Reached XP level 3. HP: 17/19 MP: 5/10
  1440 | D:2      | Reached skill level 2 in Conjurations
  2059 | D:2      | Reached XP level 4. HP: 5/24 MP: 4/12
  2271 | D:2      | Learned a level 2 spell: Throw Flame
  2275 | D:2      | Learned a level 3 spell: Conjure Flame
  2528 | D:3      | Noticed an orc warrior
  2553 | D:3      | Killed an orc warrior
  2553 | D:3      | Reached skill level 5 in Spellcasting
  2553 | D:3      | Reached skill level 3 in Conjurations
  2553 | D:3      | Reached XP level 5. HP: 7/28 MP: 0/14
  2808 | D:3      | Reached skill level 5 in Fire Magic
  3272 | D:3      | Found a faded altar of an unknown god.
  3272 | D:3      | Found a faded altar of an unknown god.
  3277 | D:3      | Found a faded altar of an unknown god.
  3620 | D:3      | Found a hazy altar of Hepliaklqana.
  3745 | D:3      | Reached XP level 6. HP: 32/32 MP: 6/16
  3906 | D:3      | Learned a level 4 spell: Sticky Flame
  3912 | D:3      | Learned a level 5 spell: Fireball
  4116 | D:3      | Found a faded altar of an unknown god.
  4216 | D:3      | Found a white marble altar of Elyvilon.
  4446 | D:4      | Noticed Grinder
  4451 | D:4      | Paralysed by Grinder for 5 turns
  4457 | D:4      | HP: 1/32 [Grinder/nerve-wracking pain (12)]
  4459 | D:4      | Paralysed by Grinder for 2 turns
  4465 | D:4      | Paralysed by Grinder for 4 turns
  4471 | D:4      | Killed Grinder
  4471 | D:4      | Reached skill level 4 in Conjurations
  4471 | D:4      | Reached XP level 7. HP: 2/36 MP: 3/18
  4786 | D:4      | Noticed Pikel
  4838 | D:4      | Found a burning altar of Makhleb.
  4838 | D:4      | Found a radiant altar of Vehumet.
  4838 | D:4      | Noticed Menkaure
  4840 | D:4      | Killed Menkaure
  4861 | D:4      | Reached skill level 5 in Conjurations
  4911 | D:4      | Found a glowing drain.
  5048 | D:4      | Killed Pikel
  5048 | D:4      | Reached skill level 6 in Conjurations
  5048 | D:4      | Reached XP level 8. HP: 41/41 MP: 11/21
  5238 | D:4      | Found a deep blue altar of Sif Muna.
  5564 | D:4      | Found a shattered altar of Ashenzari.
  5834 | D:5      | Entered Level 5 of the Dungeon
  6194 | D:4      | Became a worshipper of Vehumet
  6313 | D:5      | Noticed sheala's ghost (novice HOFE)
  6314 | D:5      | Found a staircase to the Ecumenical Temple.
  6386 | D:5      | HP: 1/41 [sheala's ghost/flame tongue (9)]
  6920 | D:5      | Found Vylok's Distillery.
  6960 | D:5      | Reached skill level 7 in Conjurations
  7163 | D:5      | Found a runed door.
  7648 | D:5      | Noticed Crazy Yiuf
  7653 | D:5      | Killed Crazy Yiuf
  8013 | D:6      | Reached XP level 9. HP: 45/45 MP: 24/24
  8072 | D:6      | Noticed a hill giant
  8088 | D:6      | Killed a hill giant
  8088 | D:6      | Reached * piety under Vehumet
  8088 | D:6      | Offered knowledge of Sting by Vehumet.
  8194 | D:6      | Reached skill level 8 in Conjurations
  8315 | D:6      | Found a blossoming altar of Fedhas.
  8351 | D:6      | Reached skill level 10 in Spellcasting
  8759 | D:7      | Found an opulent altar of Gozag.
  8888 | D:7      | Noticed Kiel97's ghost (novice MfCK)
  8897 | D:7      | Killed Kiel97's ghost
  8897 | D:7      | Reached skill level 5 in Dodging
  9032 | D:7      | Found a hide-covered altar of Uskayaw.
  9476 | D:7      | Reached ** piety under Vehumet
  9476 | D:7      | Reached XP level 10. HP: 40/50 MP: 26/26
  9552 | D:7      | Found a shimmering altar of Xom.
  9642 | D:7      | Offered knowledge of Searing Ray by Vehumet.
  9733 | D:7      | Reached skill level 9 in Conjurations
 10860 | D:8      | Offered knowledge of Static Discharge by Vehumet.
 11039 | D:8      | Reached skill level 10 in Fire Magic
 11090 | D:8      | Reached *** piety under Vehumet
 11350 | D:8      | Found an iron altar of Okawaru.
 11838 | D:9      | Offered knowledge of Force Lance by Vehumet.
 12104 | D:9      | Found a staircase to the Orcish Mines.
 12759 | D:9      | Reached skill level 10 in Conjurations
 12965 | D:9      | Reached **** piety under Vehumet
 13017 | D:9      | Offered knowledge of Venom Bolt by Vehumet.
 13157 | D:9      | Reached XP level 11. HP: 54/54 MP: 27/28
 13362 | D:10     | Entered Level 10 of the Dungeon
 13602 | D:10     | Found Basmiuh's Armour Shoppe.
 14530 | D:11     | Noticed a cyan ugly thing
 14535 | D:11     | Killed a cyan ugly thing
 14641 | D:11     | Noticed Urug
 14901 | D:11     | Noticed a hill giant
 14910 | D:11     | Killed a hill giant
 14985 | D:11     | Found a runed door.
 15005 | D:11     | Reached ***** piety under Vehumet
 15169 | D:11     | Found a bloodstained altar of Trog.
 15249 | D:11     | Reached skill level 5 in Stealth
 15264 | D:11     | Found a runed door.
 15278 | D:11     | Killed Urug
 15278 | D:11     | Offered knowledge of Iskenderun's Battlesphere by Vehumet.
 15285 | D:11     | Learned a level 5 spell: Iskenderun's Battlesphere
 15540 | D:11     | Reached skill level 11 in Conjurations
 15654 | D:11     | Found a staircase to the Lair.
 15670 | D:11     | Noticed an unseen horror
 15675 | D:11     | Killed an unseen horror
 15795 | D:11     | Noticed a hill giant
 15809 | D:11     | Killed a hill giant
 16175 | Lair:1   | Entered Level 1 of the Lair of Beasts
 16210 | Lair:1   | Reached XP level 12. HP: 58/59 MP: 24/30
 17003 | Lair:1   | Noticed Joseph
 17009 | Lair:1   | Killed Joseph
 17431 | Lair:2   | Identified a +0 pair of boots of running (You found it on level 2 of the Lair of Beasts)
 17528 | Lair:1   | Gained mutation: Your spells are a little harder to cast, but a little more powerful. [potion of beneficial mutation]
 17672 | Lair:2   | Got a steaming war axe
 18028 | Lair:2   | Reached skill level 10 in Dodging
 18615 | Lair:3   | Reached skill level 12 in Conjurations
 18865 | Lair:3   | Found a staircase to the Swamp.
 18942 | Lair:3   | Found a staircase to the Snake Pit.
 20450 | Lair:4   | Reached XP level 13. HP: 63/63 MP: 33/33
 21076 | Lair:4   | Identified the cursed +1 war axe of the King {drain, +Rage MR+ MP+9 Str+7} (You found it on level 2 of the Lair of Beasts)
 21798 | Lair:5   | Offered knowledge of Yara's Violent Unravelling by Vehumet.
 22521 | D:5      | Killed sheala's ghost
 22627 | D:4      | Identified Sif Muna's Collected Works on Toxins
 22928 | Lair:3   | Got a crude scale mail
 22939 | Lair:3   | Identified the +1 scale mail of Fiereocech {+Fly Str+6 Dex-5} (You found it on level 3 of the Lair of Beasts)
 23059 | Lair:5   | Reached skill level 1 in Armour
 23511 | Lair:6   | Entered Level 6 of the Lair of Beasts
 23538 | Lair:6   | Found a blossoming altar of Fedhas.
 23795 | Lair:6   | Found a staircase to the Slime Pits.
 24153 | Lair:6   | Reached skill level 5 in Armour
 24514 | Lair:6   | Noticed a fire dragon
 25122 | D:12     | Reached XP level 14. HP: 68/68 MP: 34/34
 25575 | D:13     | Found a gate to the Vaults.
 25720 | D:13     | Offered knowledge of Poisonous Cloud by Vehumet.
 25872 | D:13     | Noticed gunter's ghost (journeyman MiFi)
 26406 | Orc:1    | Entered Level 1 of the Orcish Mines
 26519 | Orc:1    | Reached skill level 1 in Shields
 26619 | Orc:2    | Entered Level 2 of the Orcish Mines
 26721 | Orc:2    | Noticed an orc warlord
 27742 | Swamp:1  | Entered Level 1 of the Swamp
 28118 | Swamp:1  | Noticed humperndinck's ghost (journeyman NaMo)
 28169 | Swamp:1  | Killed humperndinck's ghost
 28364 | Swamp:1  | Noticed a thorn hunter
 28369 | Swamp:1  | Killed a thorn hunter
 28388 | Swamp:1  | Reached skill level 1 in Fighting
 29366 | Swamp:1  | Gained mutation: You are somewhat resistant to further mutation. [potion of beneficial mutation]
 29510 | Swamp:2  | Noticed a thorn hunter
 29514 | Swamp:2  | Killed a thorn hunter
 29648 | Swamp:2  | Reached skill level 5 in Fighting
 29890 | Swamp:2  | Offered knowledge of Lee's Rapid Deconstruction by Vehumet.
 29890 | Swamp:2  | Reached XP level 15. HP: 69/82 MP: 35/35
 31997 | Swamp:4  | Entered Level 4 of the Swamp
 31997 | Swamp:4  | Noticed a thorn hunter
 32000 | Swamp:4  | Killed a thorn hunter
 32011 | Swamp:4  | Noticed a thorn hunter
 32013 | Swamp:4  | Killed a thorn hunter
 32623 | Swamp:4  | Noticed a thorn hunter
 32986 | Swamp:4  | Noticed a thorn hunter
 32989 | Swamp:4  | Killed a thorn hunter
 32989 | Swamp:4  | Reached skill level 10 in Fighting
 33394 | Swamp:4  | Killed a thorn hunter
 33397 | Swamp:4  | Reached skill level 13 in Conjurations
 33403 | Swamp:4  | Noticed a thorn hunter
 33412 | Swamp:4  | Killed a thorn hunter
 33655 | Swamp:3  | Offered knowledge of Iron Shot by Vehumet.
 33655 | Swamp:3  | Reached XP level 16. HP: 98/98 MP: 31/36
 33655 | Swamp:3  | Reached skill level 15 in Spellcasting
 33663 | Swamp:3  | Learned a level 6 spell: Iron Shot
 33727 | Swamp:4  | Reached skill level 1 in Earth Magic
 33812 | Swamp:4  | Got a decaying rune of Zot
 34317 | Snake:1  | Entered Level 1 of the Snake Pit
 34750 | Snake:1  | Reached skill level 5 in Earth Magic
 35527 | Snake:2  | Noticed Aizul
 35535 | Snake:2  | Killed Aizul
 35792 | Snake:2  | Noticed Nikola
 35804 | Snake:2  | Killed Nikola
 35819 | Snake:2  | Offered knowledge of Freezing Cloud by Vehumet.
 36435 | Snake:2  | Found Hegooggehu's Jewellery Boutique.
 36453 | Snake:2  | Found Uturu's Jewellery Shop.
 36453 | Snake:2  | Found Rerev's Gadget Emporium.
 36454 | Snake:2  | Found Wiguf's Gadget Emporium.
 36461 | Snake:2  | Bought the brooch of Shielding {Reflect SH+8} for 352 gold pieces
 36509 | Snake:2  | Reached skill level 10 in Earth Magic
 36558 | Snake:2  | Found Uxewot's Book Emporium.
 36566 | Snake:2  | Bought a book of Power for 720 gold pieces
 36574 | Snake:2  | Learned a level 7 spell: Orb of Destruction
 36775 | Snake:3  | Noticed Kirke
 36780 | Snake:3  | Killed Kirke
 36884 | Snake:3  | Reached skill level 14 in Conjurations
 38710 | Snake:3  | Reached skill level 15 in Conjurations
 38796 | Snake:4  | Entered Level 4 of the Snake Pit
 38820 | Snake:4  | Reached XP level 17. HP: 86/103 MP: 4/38
 39679 | Snake:4  | Reached skill level 16 in Conjurations
 39717 | Snake:4  | Offered knowledge of Bolt of Fire by Vehumet.
 40047 | Snake:4  | Reached skill level 17 in Conjurations
 40720 | Snake:4  | Reached skill level 18 in Conjurations
 41323 | Snake:4  | Reached ****** piety under Vehumet
 41498 | Snake:4  | Got a serpentine rune of Zot
 41643 | Snake:4  | Offered knowledge of Lehudib's Crystal Spear by Vehumet.
 41643 | Snake:4  | Offered knowledge of Glaciate by Vehumet.
 41643 | Snake:4  | Offered knowledge of Chain Lightning by Vehumet.
 42610 | Lair:6   | Reached XP level 18. HP: 108/108 MP: 39/39
 42621 | Lair:6   | Reached skill level 19 in Conjurations
 43478 | Slime:1  | Entered Level 1 of the Pits of Slime
 43970 | Slime:1  | Reached skill level 10 in Stealth
 44810 | Slime:3  | Reached skill level 10 in Armour
 45293 | Slime:4  | Gained mutation: You tend to lose your temper in combat. [a shining eye]
 45423 | Slime:4  | Gained mutation: You are dopey. (Int -2) [a shining eye]
 45425 | Slime:4  | Demolished by an azure jelly

Skill      XL: |  1  2  3  4  5  6  7  8  9 10 11 12 13 14 15 16 17 18 |
---------------+-------------------------------------------------------+-----
Spellcasting   | 4 5 6 7 9 10 11 12 14 15 16 | 16.2
Conjurations   | 2 3 4 6 7 8 10 11 12 13 15 18 19 | 19.0
Fire Magic     | 4 5 7 8 9 10 11 12 13 | 13.5
Dodging        | 5 7 9 10 11 | 11.5
Stealth        | 6 8 9 11 | 11.2
Armour         | 6 9 10 | 10.1
Shields        | 4 |  4.3
Fighting       | 5 10 11 | 11.3
Earth Magic    | 10 | 10.0

Action                   |  1- 3 |  4- 6 |  7- 9 | 10-12 | 13-15 | 16-18 || total
-------------------------+-------+-------+-------+-------+-------+-------++-------
Melee: Unarmed           |     5 |       |       |       |       |       ||     5
       Dagger            |     1 |       |    60 |   216 |       |       ||   277
       War axe           |       |       |       |       |    14 |    35 ||    49
 Cast: Flame Tongue      |    68 |    76 |   214 |   432 |   258 |   157 ||  1205
       Throw Flame       |       |     8 |    65 |    86 |    32 |    23 ||   214
       Conjure Flame     |       |     2 |     5 |     5 |     2 |       ||    14
       Sticky Flame      |       |     2 |     7 |    80 |    84 |    53 ||   226
       Fireball          |       |       |     4 |   128 |   311 |   357 ||   800
       Iskenderun's Batt |       |       |       |       |     7 |    13 ||    20
       Iron Shot         |       |       |       |       |       |    96 ||    96
       Orb of Destructio |       |       |       |       |       |    48 ||    48
 Abil: Evoke Flight      |       |       |       |       |     1 |       ||     1
  Use: Potion            |       |     3 |       |     1 |     6 |     9 ||    19
       Scroll            |       |       |       |    24 |    11 |     8 ||    43
 Stab: Distracted        |       |       |     1 |       |     1 |       ||     2
       Sleeping          |       |       |       |     1 |       |       ||     1
       Invisible         |       |       |       |       |       |     2 ||     2
  Eat: Chunk             |     3 |     7 |    15 |    43 |    30 |    21 ||   119
       Pizza             |       |       |     1 |       |       |       ||     1
       Royal jelly       |       |       |       |     1 |     2 |       ||     3
       Fruit             |       |       |       |       |     1 |     3 ||     4
       Meat ration       |       |       |       |       |     1 |     3 ||     4
       Bread ration      |       |       |       |       |     1 |     3 ||     4
       Beef jerky        |       |       |       |       |       |     2 ||     2
Armor: Robe              |     6 |     4 |    32 |    68 |     5 |       ||   115
       Scale mail        |       |       |       |       |    44 |       ||    44
       Swamp dragon scal |       |       |       |       |    68 |   121 ||   189
Dodge: Dodged            |    29 |    23 |    83 |   252 |   202 |   185 ||   774
Block: Buckler           |       |       |       |       |    33 |    57 ||    90
